 Dungeon Crawl Stone Soup version 0.26.0-18-gc5c842f807 (webtiles) character file.

Game seed: 11728248940557434968

5842 kaeus the Fighter (level 10, 0/123 HPs)
             Began as a Demonspawn Fighter on Jan 22, 2021.
             Was a Believer of Trog.
             Succumbed to a worker ant's poison
             ... on level 9 of the Dungeon.
             The game lasted 00:13:01 (11885 turns).

kaeus the Fighter (Demonspawn Fighter)             Turns: 11885, Time: 00:13:02

Health: 0/123      AC:  6    Str: 22    XL:     10   Next: 51%
Magic:  10/10      EV:  9    Int: 10    God:    Trog [**....]
Gold:   399        SH: 16    Dex: 12    Spells: 9/9 levels left

rFire    + + .     SeeInvis +   a - +2 war axe
rCold    + + .     Faith    .   c - +0 kite shield
rNeg     . . .     Spirit   .   B - +2 robe of Death Resistance {Str+2 SInv}
rPois    .         Reflect  +   (helmet restricted)
rElec    .         Harm     .   h - scarf {rC+ rF+}
rCorr    .         Rampage  .   (no gloves)
Will     .....                  (no boots)
Stlth    ..........             k - amulet of reflection
HPRegen  0.30/turn              g - ring of protection from fire
MPRegen  0.12/turn              p - ring of protection from cold

@: berserking, lethally poisoned (0 -> -26), very quick
A: antennae 2, talons 1, molten scales 1, demonic guardian 1, mutation
resistance 1, miasma immunity
a: Renounce Religion, Berserk, Trog's Hand


You were on level 9 of the Dungeon.
You worshipped Trog.
Trog was pleased with you.
You visited 2 branches of the dungeon, and saw 10 of its levels.

You collected 399 gold pieces.

Inventory:

Hand Weapons
 a - a +2 war axe (weapon)
Armour
 b - a +0 scale mail
 c - a +0 kite shield (worn)
 h - a scarf of resistance (worn)
 B - the +2 robe of Death Resistance (worn) {Str+2 SInv}
   (You found it on level 8 of the Dungeon)

   It affects your strength (+2).
   It lets you see invisible.
Jewellery
 g - a ring of protection from fire (left hand)
 k - an amulet of reflection (around neck)
 p - a ring of protection from cold (right hand)
 q - an uncursed ring of protection from cold
 s - an uncursed ring of fire
 v - an uncursed amulet of faith
 D - an uncursed amulet of the acrobat
Wands
 t - a wand of iceblast (11)
 y - a wand of digging (1)
 z - a wand of polymorph (6)
Scrolls
 e - a scroll of enchant weapon
 f - 9 scrolls of teleportation
 i - 5 scrolls of amnesia
 j - 8 scrolls of identify
 n - 4 scrolls of remove curse
 o - 3 scrolls of blinking
 r - 2 scrolls of immolation
 u - 2 scrolls of fog
 A - a scroll of magic mapping {unknown}
 C - 2 scrolls of fear
Potions
 d - 4 potions of might
 l - a potion of heal wounds {unknown}
 m - a potion of invisibility {unknown}
 w - a potion of mutation
 x - 4 potions of curing
 E - a potion of ambrosia {unknown}


   Skills:
 + Level 8.5 Fighting
 + Level 7.5 Axes
 + Level 7.8 Armour
 + Level 7.8 Shields


You had 9 spell levels left.
You didn't know any spells.
Your spell library contained the following spells:

 Spells                   Type           Power        Failure   Level
 Magic Dart               Conj           0%           67%         1
 Sandblast                Erth           0%           67%         1
 Blink                    Tloc           N/A          82%         2
 Call Imp                 Summ           0%           82%         2
 Passwall                 Tmut/Erth      0%           82%         2
 Slow                     Hex            0%           82%         2
 Conjure Flame            Conj/Fire      0%           96%         3
 Mephitic Cloud           Conj/Pois/Air  0%           96%         3
 Stone Arrow              Conj/Erth      0%           96%         3
 Petrify                  Tmut/Erth      0%           100%        4
 Lee's Rapid Deconstruct  Erth           0%           100%        5


Dungeon Overview and Level Annotations

Branches:
Dungeon (9/15)             Temple (1/1) D:5            Lair (0/6) D:8
    Orc: D:9-12

Altars:
Ashenzari
Cheibriados
Dithmenos
Elyvilon
Fedhas
Gozag
Kikubaaqudgha
Makhleb
Nemelex Xobeh
Okawaru
Qazlal
Sif Muna
Trog
Uskayaw
Vehumet
Wu Jian
Xom
Yredelemnul
Zin
The Shining One


Innate Abilities, Weirdness & Mutations

You have a pair of antennae on your head.
You are partially covered in molten scales. (AC +2)
A weak demonic guardian rushes to your aid.
You are immune to miasma.
You have sharp toenails.
You are somewhat resistant to further mutation.


Message History

The orc wizard is moderately wounded.
You slash the leopard gecko!
You feel the power of Trog in you as your rage grows.
You kill the leopard gecko!
Trog accepts your kill.
* * * LOW HITPOINT WARNING * * *
You feel sick. You block the orc wizard's attack.
You take 2 damage, and have 3/123 hp.
You hit the orc wizard. Your kick misses the orc wizard.
The orc wizard is severely wounded.
You slash the wyvern skeleton!
* * * LOW HITPOINT WARNING * * *
You feel sick. You block the orc wizard's attack.
You take 2 damage, and have 1/123 hp.
You slash the orc wizard!
You kill the orc wizard!
Trog accepts your kill.
Trog appreciates your killing of a magic user.
You hit the vampire but do no damage.
You die...

###.#.......# ..####.##
....#..≈≈≈..### .........
....'..8≈8..'.# ##........
....#.(≈≈≈..#.# #.........
....#..(....#.###....G....
....#..)))..#..(..()..(...
...#####)#######Z(?.......
...##.##(# #)V.)....._
#.#[.....# #@#........
..#.###### #..#........
.......# ####.......⌠
..†.##..<.. ........:
........... .........
...#....... ........_
#....#..... ....#..
.....##.... ...### #^.


You could see an eye of draining, a vampire (invisible) and a wyvern skeleton.

Vanquished Creatures
  A two-headed ogre (D:9)
  An elephant (shapeshifter) (D:9)
  Grinder (D:6)
  Prince Ribbit (D:6)
  A hornet (D:9)
  A wyvern (D:9)
  2 yaks
  Grum (D:8)
  Menkaure (D:6)
  Edmund (D:5)
  A water moccasin (D:9)
  2 orc warriors (D:6)
  2 sky beasts
  2 necrophages
  3 ice beasts
  4 ogres
  3 centaurs
  2 wolves (D:8)
  3 big kobolds
  6 bullfrogs
  Blork the orc (D:5)
  2 scorpions (D:8)
  4 wights (D:7)
  A howler monkey (D:5)
  A hound (D:5)
  A jelly (D:8)
  2 orc priests
  3 bullfrog skeletons
  7 orc wizards
  4 worker ants
  A killer bee zombie (D:5)
  A hound zombie (D:7)
  A hound skeleton (D:6)
  A howler monkey zombie (D:7)
  2 howler monkey skeletons
  10 adders
  2 shadow imps
  3 white imps
  2 ufetubi (D:6)
  3 worms
  A dart slug (D:1)
  7 leopard geckos
  26 orcs
  7 bats
  3 giant cockroaches
  3 goblins
  8 hobgoblins
  15 jackals
  A quokka (D:3)
  A ball python (D:3)
  7 frilled lizards
  26 kobolds
  5 rats
201 creatures vanquished.

Vanquished Creatures (collateral kills)
  A water moccasin (D:8)
  A black bear (D:8)
  A phantom (D:5)
  2 bullfrogs
  Ijyb (D:3)
  A gnoll (D:3)
  An orc (D:6)
8 creatures vanquished.

Vanquished Creatures (others)
  2 kobolds
  14 fungi (D:8)
  27 plants
43 creatures vanquished.

Grand Total: 252 creatures vanquished

Notes
Turn   | Place    | Note
-------+----------+-------------------------------------------
     0 | D:1      | kaeus the Demonspawn Fighter began the quest for the Orb.
     0 | D:1      | Reached XP level 1. HP: 18/18 MP: 1/1
    27 | D:1      | Gained mutation: You have a pair of small antennae on your
                  | head. [demonic ancestry]
    27 | D:1      | Reached XP level 2. HP: 10/24 MP: 2/2
  1155 | D:2      | Gained mutation: You have a pair of antennae on your head.
                  | [demonic ancestry]
  1155 | D:2      | Reached XP level 3. HP: 28/29 MP: 3/3
  1436 | D:2      | Found a broken altar of Ashenzari.
  1519 | D:2      | You fall into a shaft and drop 2 floors!
  1523 | D:4      | Gained mutation: A weak demonic guardian rushes to your
                  | aid. [demonic ancestry]
  1523 | D:4      | Reached XP level 4. HP: 36/36 MP: 4/4
  1628 | D:3      | Gained mutation: You are immune to miasma. [demonic
                  | ancestry]
  1628 | D:3      | Reached XP level 5. HP: 28/42 MP: 5/5
  2071 | D:3      | Reached skill level 4 in Fighting
  2659 | D:3      | Found a glowing silver altar of Zin.
  2659 | D:3      | Found a shimmering altar of Xom.
  2659 | D:3      | Noticed an angel
  3074 | D:3      | Found a stormy altar of Qazlal.
  3363 | D:3      | Noticed Ijyb
  3377 | D:3      | Killed Ijyb
  3378 | D:3      | Reached XP level 6. HP: 33/48 MP: 6/6
  3579 | D:3      | Found an opulent altar of Gozag.
  4165 | D:5      | Entered Level 5 of the Dungeon
  4165 | D:5      | Noticed Blork the orc
  4168 | D:5      | Killed Blork the orc
  4243 | D:5      | Noticed Edmund
  4261 | D:5      | Killed Edmund
  4286 | D:5      | Reached XP level 7. HP: 27/55 MP: 7/7
  4557 | D:5      | Reached skill level 5 in Fighting
  4924 | D:5      | Found a staircase to the Ecumenical Temple.
  5002 | D:5      | Found a blossoming altar of Fedhas.
  5280 | Temple   | Entered the Ecumenical Temple
  5510 | Temple   | Became a worshipper of Trog the Wrathful
  5861 | Temple   | Gained mutation: You have sharp toenails. [potion of
                  | mutation]
  5861 | Temple   | Gained mutation: You are somewhat resistant to further
                  | mutation. [potion of mutation]
  6323 | D:6      | Noticed Prince Ribbit
  6560 | D:6      | Killed Prince Ribbit
  6561 | D:6      | Reached skill level 5 in Armour
  6561 | D:6      | Reached skill level 5 in Shields
  6561 | D:6      | Gained mutation: You are partially covered in molten
                  | scales. (AC +2) [demonic ancestry]
  6561 | D:6      | Reached XP level 8. HP: 19/63 MP: 8/8
  6993 | D:6      | Noticed Menkaure
  6998 | D:6      | Killed Menkaure
  7445 | D:6      | Reached skill level 6 in Fighting
  7445 | D:6      | Reached skill level 5 in Axes
  7579 | D:6      | Noticed Grinder
  7584 | D:6      | Paralysed by Grinder for 7 turns
  7592 | D:6      | Killed Grinder
  8395 | D:7      | Found a radiant altar of Vehumet.
  8419 | D:7      | Reached XP level 9. HP: 68/71 MP: 9/9
  8439 | D:7      | Reached * piety under Trog
  9287 | D:7      | Reached skill level 7 in Fighting
  9561 | D:8      | Noticed Grum
  9571 | D:8      | Killed Grum
  9869 | D:8      | Found a staircase to the Lair.
 10822 | D:8      | Got an ichor-stained robe
 10833 | D:8      | Identified the +2 robe of Death Resistance {Str+2 SInv}
                  | (You found it on level 8 of the Dungeon)
 11243 | D:9      | Reached XP level 10. HP: 75/80 MP: 10/10
 11270 | D:9      | Noticed an elephant
 11279 | D:9      | Killed an elephant
 11299 | D:9      | Noticed a two-headed ogre
 11301 | D:9      | Reached skill level 8 in Fighting
 11310 | D:9      | Killed a two-headed ogre
 11768 | D:9      | Reached ** piety under Trog
 11867 | D:9      | Found a basalt altar of Yredelemnul.
 11867 | D:9      | Found an ornate altar of the Wu Jian Council.
 11882 | D:9      | HP: 5/123 [poisoned by a worker ant]
 11884 | D:9      | HP: 1/123 [poisoned by a worker ant]
 11885 | D:9      | Succumbed to a worker ant's poison

Illustrated notes

Levels and vault maps discovered:
D:1:      dpeg_arrival_arbitrary_b, layout_basic, roderic_roman_lattice
D:2:      layout_loops_ring, ashenzari_altar_1
D:3:      layout_loops_cross, grunt_temple_overflow_order_and_chaos_1,
          nicolae_overflow_crystal_walls, lemuel_round_altar,
          wad_rectangle_vault, uniq_ijyb
D:4:      layout_cave_pools
D:5:      layout_rooms, fedhas_altar_4, minmay_temple_entry_trees,
          minmay_crystal_room, serial_bayou_ford_a, uniq_edmund,
          uniq_blork_the_orc
D:6:      layout_gridville, serial_glass, glass_columns_c, glass_columns_a,
          due_unseen_surprise, feat_on_display, minmay_strange_pillars,
          uniq_menkaure, uniq_prince_ribbit1, uniq_grinder
D:7:      layout_basic, lemuel_altar_in_water
D:8:      layout_gridville, due_lair_maze_entry_diamond, uniq_grum
D:9:      layout_rooms, nicolae_ru_the_path_less_chosen,
          grunt_temple_overflow_open, old_standard_altar, orc_0_dummy,
          hangedman_decor_diamond_cutter, kennysheep_generic_room_11
Temple:   minmay_temple_bridge_abc

Skill      XL: |  1  2  3  4  5  6  7  8  9 10 |
---------------+-------------------------------+-----
Axes           | 2 3 4 5 6 7 |  7.5
Armour         | 3 4 5 6 7 |  7.8
Shields        | 3 4 5 6 7 |  7.8
Fighting       | 4 5 6 7 8 |  8.5

Action                   |  1- 3 |  4- 6 |  7- 9 | 10-12 || total
-------------------------+-------+-------+-------+-------++-------
Melee: War axe           |   107 |   230 |   274 |    66 ||   677
       Kick              |       |       |    68 |    22 ||    90
Invok: Berserk           |       |       |     1 |     2 ||     3
Evoke: Wand              |       |       |     2 |       ||     2
  Use: Scroll            |       |     2 |    14 |       ||    16
       Potion            |       |       |     4 |       ||     4
 Stab: Distracted        |       |     1 |     6 |       ||     7
Armor: Scale mail        |    45 |    61 |    79 |       ||   185
       Robe              |       |       |     1 |    18 ||    19
Dodge: Dodged            |    29 |    54 |    64 |    19 ||   166
Block: Kite shield       |    77 |   174 |   217 |    74 ||   542
       Reflection        |     2 |     2 |    12 |    11 ||    27
